 Dungeon Crawl Stone Soup version 0.29.1-1-gd02db6906a (webtiles) character file.

Game seed: 14082183324339307711

389 FastidiousMonk the Chopper (level 6, -2/79 HPs)
             Began as a Gnoll Berserker on Oct 4, 2022.
             Was a Believer of Trog.
             Splashed by a jelly's acid (8 damage)
             ... on level 4 of the Dungeon.
             The game lasted 00:19:14 (4263 turns).

FastidiousMonk the Chopper (Gnoll Berserker)        Turns: 4263, Time: 00:19:15

Health: -2/79      AC: -4    Str: 16    XL:     6   Next: 79%
Magic:  9/9        EV: 13    Int:  6    God:    Trog [**....]
Gold:   141        SH:  0    Dex: 14    Spells: 9/9 levels left

rFire   . . .      SeeInvis .   a - +0 hand axe
rCold   . . .      Faith    .   (no shield)
rNeg    . . .      Spirit   .   g - +0 leather armour
rPois   .          Reflect  .   (no helmet)
rElec   .          Harm     .   o - scarf {repulsion}
rCorr   .          Rampage  .   (no gloves)
Will    .....                   (no boots)
Stlth   ..........              (no amulet)
HPRegen 0.23/turn               (no ring)
MPRegen 0.11/turn               (no ring)

@: berserking, corroded, repel missiles, very quick
A: fangs 1, strong nose, distributed training
a: Renounce Religion, Berserk, Trog's Hand


You were on level 4 of the Dungeon.
You worshipped Trog.
Trog was pleased with you.
You visited 1 branch of the dungeon, and saw 4 of its levels.

You collected 141 gold pieces.

Inventory:

Hand Weapons
 a - a +0 hand axe (weapon)
 b - a +0 sling
 r - a +0 scythe
Missiles
 f - 2 throwing nets
 m - 31 stones
Armour
 g - a +0 leather armour (worn)
 o - a scarf of repulsion (worn)
Magical Staves
 j - a staff of poison
Jewellery
 u - a ring of resist corrosion
Scrolls
 c - a scroll of amnesia {unknown}
 d - a scroll of identify
 e - a scroll of immolation {unknown}
 h - 2 scrolls of noise
 l - a scroll of teleportation {unknown}
 q - a scroll of enchant weapon {unknown}
 s - a scroll of poison {unknown}
 t - a scroll of acquirement {unknown}
Potions
 i - a potion of cancellation {unknown}
 k - a potion of lignification {unknown}
 n - 2 potions of flight
 p - a potion of resistance {unknown}


   Skills:
 + Level 6.9 Fighting
 + Level 2.2 Short Blades
 + Level 2.2 Long Blades
 + Level 6.9 Axes
 + Level 2.2 Maces & Flails
 + Level 2.2 Polearms
 + Level 2.2 Staves
 + Level 2.2 Ranged Weapons
 + Level 2.2 Throwing
 + Level 5.1 Armour
 + Level 5.1 Dodging
 + Level 2.2 Stealth
 + Level 2.2 Shields
 + Level 2.2 Unarmed Combat
 + Level 2.2 Spellcasting
 + Level 1.7 Conjurations
 + Level 1.7 Hexes
 + Level 1.7 Summonings
 + Level 1.7 Necromancy
 + Level 1.7 Translocations
 + Level 1.7 Transmutations
 + Level 1.7 Fire Magic
 + Level 1.7 Ice Magic
 + Level 1.7 Air Magic
 + Level 1.7 Earth Magic
 + Level 1.7 Poison Magic
 + Level 2.4 Invocations
 + Level 2.2 Evocations


You had 9 spell levels left.
You didn't know any spells.
Your spell library contained the following spells:

 Spells                   Type           Power      Damage    Failure   Level
 Sandblast                Erth           4%         2d4       24%         1
 Blink                    Tloc           4%         N/A       34%         2
 Passwall                 Tmut/Erth      1%         N/A       34%         2
 Lesser Beckoning         Tloc           2%         N/A       56%         3
 Stone Arrow              Conj/Erth      4%         3d7       56%         3
 Manifold Assault         Tloc           2%         N/A       100%        5


Dungeon Overview and Level Annotations

Branches:
Dungeon (4/15)
 Temple: D:4-7

Altars:
Fedhas
Hepliaklqana

Annotations:
D:3 Altars-Fedhas,Hepliaklqana,UnknownGod,


Innate Abilities, Weirdness & Mutations

You have very sharp teeth.
Your uncanny sense of smell can sniff out nearby items.
Your experience applies equally to all skills.


Message History

The endoplasm is severely wounded.
You hit the endoplasm.
You kill the endoplasm!
Trog accepts your kill.
No target in view!
HP restored.
A goblin comes into view. It is wielding a +0 club.
The helpless goblin fails to defend itself.
You slash the goblin!
You kill the goblin!
Trog accepts your kill.
Found a stone staircase leading up.
You see here a +0 club.
Found a stone staircase leading down.
A jelly comes into view.
The jelly quivers.
You slash the jelly!
Your hands burn!
You bite the jelly.
The jelly is severely wounded.
The jelly barely misses you.
You hit the jelly but do no damage.
Your hands burn!
The jelly is severely wounded.
The jelly hits you. The acid corrodes you!
You are splashed with acid!
You completely miss the jelly. You bite the jelly, but do no damage.
The jelly is severely wounded.
The jelly hits you.
You are splashed with acid!
You hit the jelly but do no damage.
Your hands burn!
The jelly is severely wounded.
The jelly hits you.
You are splashed with acid!
* * * LOW HITPOINT WARNING * * *
A red film seems to cover your vision as you go berserk!
You feel yourself moving faster!
You feel mighty! The jelly hits you.
* * * LOW HITPOINT WARNING * * *
The acid corrodes you!
You are splashed with acid!
* * * LOW HITPOINT WARNING * * *
You barely miss the jelly.
The jelly is severely wounded.
The jelly hits you.
* * * LOW HITPOINT WARNING * * *
You are splashed with acid!
You die...

### ... ## ....
##. ..... #..##
#......
#..@###.......
#..#J#.......
.....##.#.##.##.
......#
#.#...>...
###### #.#....#
#.#..#∆ #....#
#.##.#
#########.# #


You could see a jelly.

Vanquished Creatures
  Sigmund (D:2)
  2 orc priests (D:3)
  A jelly (D:2)
  5 adders
  3 worms
  5 dart slugs
  10 orcs (D:3)
  3 endoplasms
  2 giant cockroaches
  9 goblins
  3 hobgoblins
  3 jackals (D:3)
  5 quokkas
  4 ball pythons
  7 bats
  3 frilled lizards
  7 rats
73 creatures vanquished.

Notes
Turn   | Place    | Note
-------+----------+-------------------------------------------
     0 | D:1      | FastidiousMonk the Gnoll Berserker began the quest for the
                  | Orb.
     0 | D:1      | Reached XP level 1. HP: 23/23 MP: 1/1
   358 | D:1      | Reached XP level 2. HP: 25/29 MP: 2/2
  1045 | D:1      | Reached XP level 3. HP: 35/35 MP: 3/3
  1363 | D:2      | Noticed Sigmund
  1408 | D:2      | Reached skill level 1 in Short Blades
  1408 | D:2      | Reached skill level 1 in Long Blades
  1408 | D:2      | Reached skill level 1 in Maces & Flails
  1408 | D:2      | Reached skill level 1 in Polearms
  1408 | D:2      | Reached skill level 1 in Staves
  1408 | D:2      | Reached skill level 1 in Ranged Weapons
  1408 | D:2      | Reached skill level 1 in Throwing
  1408 | D:2      | Reached skill level 1 in Stealth
  1408 | D:2      | Reached skill level 1 in Shields
  1408 | D:2      | Reached skill level 1 in Unarmed Combat
  1408 | D:2      | Reached skill level 1 in Spellcasting
  1408 | D:2      | Reached skill level 1 in Invocations
  1408 | D:2      | Reached skill level 1 in Evocations
  1509 | D:2      | Reached XP level 4. HP: 40/41 MP: 5/5
  1890 | D:2      | Reached skill level 1 in Conjurations
  1890 | D:2      | Reached skill level 1 in Hexes
  1890 | D:2      | Reached skill level 1 in Summonings
  1890 | D:2      | Reached skill level 1 in Necromancy
  1890 | D:2      | Reached skill level 1 in Translocations
  1890 | D:2      | Reached skill level 1 in Transmutations
  1890 | D:2      | Reached skill level 1 in Fire Magic
  1890 | D:2      | Reached skill level 1 in Ice Magic
  1890 | D:2      | Reached skill level 1 in Air Magic
  1890 | D:2      | Reached skill level 1 in Earth Magic
  1890 | D:2      | Reached skill level 1 in Poison Magic
  2331 | D:2      | Killed Sigmund
  2332 | D:2      | Reached XP level 5. HP: 47/47 MP: 5/7
  2332 | D:2      | Reached XP level 6. HP: 53/53 MP: 5/8
  2525 | D:3      | Reached ** piety under Trog
  2526 | D:3      | Reached skill level 5 in Armour
  2526 | D:3      | Reached skill level 5 in Dodging
  3552 | D:3      | Found a blossoming altar of Fedhas.
  3648 | D:3      | Found a hazy altar of Hepliaklqana.
  3889 | D:3      | Found a faded altar of an unknown god.
  4263 | D:4      | Splashed by a jelly's acid

Illustrated notes

Levels and vault maps discovered:
D:1:      minmay_arrival_wavy_path, layout_loops_ring
D:2:      layout_loops_corners, uniq_sigmund
D:3:      layout_basic, overflow_temple_1_default, fedhas_altar_2,
          dreamdust_ecumenical_altar_hidden_monk_grotto,
          chequers_serial_rivers_small_b, grunt_ministairs_14
D:4:      minmay_general_purpose_star, layout_loops_ring, serial_shops, shop,
          ebering_ghost_sewer_d

Skill      XL: |  1  2  3  4  5  6 |
---------------+-------------------+-----
Short Blades   | 1 2 |  2.2
Long Blades    | 1 2 |  2.2
Maces & Flails | 1 2 |  2.2
Polearms       | 1 2 |  2.2
Staves         | 1 2 |  2.2
Ranged Weapons | 1 2 |  2.2
Throwing       | 1 2 |  2.2
Stealth        | 1 2 |  2.2
Shields        | 1 2 |  2.2
Unarmed Combat | 1 2 |  2.2
Spellcasting   | 1 2 |  2.2
Invocations    | 1 2 |  2.4
Evocations     | 1 2 |  2.2
Conjurations   | 1 |  1.7
Hexes          | 1 |  1.7
Summonings     | 1 |  1.7
Necromancy     | 1 |  1.7
Translocations | 1 |  1.7
Transmutations | 1 |  1.7
Fire Magic     | 1 |  1.7
Ice Magic      | 1 |  1.7
Air Magic      | 1 |  1.7
Earth Magic    | 1 |  1.7
Poison Magic   | 1 |  1.7
Armour         | 5 |  5.1
Dodging        | 5 |  5.1
Fighting       | |  6.9
Axes           | |  6.9

Action                   |  1- 3 |  4- 6 || total
-------------------------+-------+-------++-------
Melee: Hand axe          |    71 |   159 ||   230
       Bite              |     4 |    12 ||    16
       Punch             |     1 |     1 ||     2
Invok: Berserk           |     1 |     4 ||     5
  Use: Scroll            |       |     3 ||     3
 Stab: Sleeping          |     1 |     5 ||     6
Armor: Leather armour    |    24 |    16 ||    40
Dodge: Dodged            |    66 |    85 ||   151
       Repelled          |       |     1 ||     1
